 Dungeon Sprint DCSS version 0.28-a0-461-g2dc4ca5097 (webtiles) character file.

Game seed: 8628805410112709511

14266 MikeHunt the Reanimator (level 11, -21/90 HPs)
             Began as a Demonspawn Earth Elementalist on Sept 13, 2021.
             Was the Champion of Sif Muna.
             Demolished by Rupert (30 damage)
             ... while paralysed by Rupert
             ... in the Dungeon (Sprint III: "The Ten Rune Challenge").
             The game lasted 00:17:27 (2858 turns).

MikeHunt the Reanimator (DsEE)                      Turns: 2858, Time: 00:17:27

Health: -21/90     AC:  6    Str:  8    XL:     11   Next: 86%
Magic:  25/25      EV:  2    Int: 19    God:    Sif Muna [******]
Gold:   1348       SH:  0    Dex: 22    Spells: 6/30 levels left

rFire   . . .      SeeInvis .   s - +5 demon trident
rCold   + . .      Faith    .   (no shield)
rNeg    . . .      Spirit   .   r - +2 leather armour {rC+}
rPois   .          Reflect  .   (helmet restricted)
rElec   .          Harm     .   (no cloak)
rCorr   .          Rampage  .   q - +0 pair of gloves {Dex+3}
Will    .....      NoTele   +   (no boots)
Stlth   ++++......              (no amulet)
HPRegen 0.25/turn               (no ring)
MPRegen 0.38/turn               (no ring)

@: paralysed
A: horns 1, thin skeletal structure 2, demonic guardian 3, magic regeneration
a: Renounce Religion, Channel Magic, Forget Spell, Divine Exegesis


You were in the Dungeon.
You worshipped Sif Muna.
Sif Muna was exalted by your worship.
You visited 1 branch You collected 1573 gold pieces.
You spent 225 gold pieces at shops.

Inventory:

Hand Weapons
 b - a +0 trident
 s - a +5 demon trident (weapon)
Missiles
 i - 8 stones
 t - 4 javelins
 u - 7 curare-tipped darts
Armour
 q - a +0 pair of gloves of dexterity (worn)
 r - a +2 leather armour of cold resistance (worn)
Wands
 a - a wand of polymorph (2)
Scrolls
 h - a scroll of blinking
 j - 4 scrolls of holy word {unknown}
 k - a scroll of vulnerability {unknown}
 n - a scroll of acquirement {unknown}
Potions
 c - a potion of curing
 d - a potion of might
 e - 2 potions of haste
 f - 2 potions of magic
 g - 2 potions of berserk rage
 l - 2 potions of ambrosia {unknown}
 m - 5 potions of mutation
 o - a potion of flight {unknown}
Miscellaneous
 p - a box of beasts


   Skills:
 - Level 10.0 Fighting
 + Level 11.5 Polearms
 - Level 10.0 Dodging
 - Level 1.7 Stealth
 - Level 10.0 Spellcasting
 - Level 10.0 Conjurations
 - Level 12.2 Necromancy
 - Level 5.0 Translocations
 - Level 4.0 Transmutations
 - Level 10.0 Earth Magic
 - Level 12.0 Invocations


You had 6 spell levels left.
You knew the following spells:

 Your Spells              Type           Power      Damage    Failure   Level
a - Sandblast             Erth           94%        2d19      1%          1
b - Excruciating Wounds   Necr           27%        N/A       1%          5
c - Agony                 Necr           54%        N/A       1%          5
f - Vampiric Draining     Necr           27%        2d9       1%          3
g - Borgnjor's Vile Clut  Necr/Erth      25%        N/A       3%          5
q - Blink                 Tloc           N/A        N/A       1%          2
r - Stone Arrow           Conj/Erth      94%        3d12      1%          3

Your spell library contained the following spells:

 Spells                   Type           Power      Damage    Failure   Level
 Pain                     Necr           100%       1d9       1%          1
 Corpse Rot               Necr/Air       N/A        N/A       1%          2
 Passwall                 Tmut/Erth      30%        N/A       1%          2
 Sublimation of Blood     Necr           27%        N/A       1%          2
 Gell's Gravitas          Tloc           14%        N/A       4%          3
 Petrify                  Tmut/Erth      36%        N/A       6%          4
 Mephitic Cloud           Conj/Pois/Air  22%        N/A       9%          3
 Fulminant Prism          Conj/Hex       14%        3d9       14%         4
 Slow                     Hex            9%         N/A       16%         2
 Confusing Touch          Hex            9%         N/A       32%         3
 Swiftness                Air            9%         N/A       32%         3
 Fireball                 Conj/Fire      14%        3d8       36%         5
 Freezing Cloud           Conj/Ice/Air   11%        6-21      61%         5
 Summon Lightning Spire   Summ/Air       9%         N/A       71%         4
 Eringya's Noxious Bog    Tmut/Pois      8%         N/A       100%        6
 Invisibility             Hex            4%         N/A       100%        6
 Borgnjor's Revivificati  Necr           27%        N/A       99%         8
 Haunt                    Necr/Summ      16%        N/A       100%        7
 Summon Hydra             Summ           4%         N/A       100%        7
 Discord                  Hex            4%         N/A       100%        8
 Lehudib's Crystal Spear  Conj/Erth      23%        10d7      100%        8
 Necromutation            Tmut/Necr      20%        N/A       100%        8
 Chain Lightning          Conj/Air       14%        3d18      100%        9


Dungeon Overview and Level Annotations

Branches:
Dungeon (1/1)

Altars:
Cheibriados
Dithmenos
Elyvilon
Fedhas
Gozag
Hepliaklqana
Kikubaaqudgha
Makhleb
Nemelex Xobeh
Okawaru
Qazlal
Ru
Sif Muna
Trog
Uskayaw
Vehumet
Wu Jian
Xom
Yredelemnul
Zin
The Shining One
Beogh
Jiyva
Lugonu

Shops:
D [

Annotations:
D Rupert


Innate Abilities, Weirdness & Mutations

You have a pair of small horns on your head.
You have a moderately thin skeletal structure. (Dex +4, Stealth++)
A powerful demonic guardian rushes to your aid.
You regenerate magic rapidly.


Message History

Things that are here:
a +1 great mace of freezing; 7 curare-tipped darts; the human corpse of Edmund
Things that are here:
a +0 scythe of distortion {!w}; the human corpse of Sigmund
There is an open door, spattered with blood here.
Things that are here:
a +1 great mace of freezing; 7 curare-tipped darts; the human corpse of Edmund
u - 7 curare-tipped darts
Okay, then.
There is an open door to the Lair of Beasts here.
Unknown command.
Okay, then.
You enter the shallow water.
Moving in this stuff is going to be slow.
You enter the shallow water.
Moving in this stuff is going to be slow.
There is an open door, spattered with blood here.
You enter the shallow water.
Moving in this stuff is going to be slow.
Your +5 demon trident seems less pained.
There is an open door here.
There is an open door, spattered with blood here.
You enter the shallow water.
Moving in this stuff is going to be slow.
You enter the shallow water.
Moving in this stuff is going to be slow.
You open the door.
Rupert the Wild comes into view.
He is wielding a +1 great mace of protection.
There is an open door here.
Unknown command.
Rupert yells loudly at you.
You suddenly lose the ability to move!
Rupert roars madly and goes into a rage!
Rupert goes berserk!
Rupert hits you with a +1 great mace of protection!!!
A demonic guardian appears!
Rupert hits you with a +1 great mace of protection!!
* * * LOW HITPOINT WARNING * * *
Rupert hits you with a +1 great mace of protection!!
You die...

▓.................#___#__'.
▓▓▓▓▓▓▓▓▓▓▓▓▓▓▓▓▓▓▓▓▓▓▓▓▓▓▓
+.≈≈≈≈≈≈≈≈♣♣.....♣♣♣♣≈
#≈≈≈§§§≈≈≈♣♣.≈≈≈≈'♣♣'♣
#≈≈≈§§§≈≈≈≈'.....#.≈♣♣
#≈≈.≈≈§≈≈≈♣♣♣♣♣♣♣#..♣♣
#≈.≈.≈≈≈≈≈♣ ###'♣
#+####3#######♣ ♣♣♣♣.#
........@@.....♣ ♣...##
#+#############+ ♣♣.##.
♣..#. ♣♣.## ♣♣.## ♣....
#####


You could see Rupert (berserk, ally target) and a friendly sun demon (summoned).

Vanquished Creatures
  Sigmund (D)
  Erolcha (D)
  2 hydras (D)
  Urug (D)
  An orc high priest (D)
  A lindwurm (D)
  A deep elf pyromancer (D)
  An orc sorcerer (D)
  An orc knight (D)
  Edmund (D)
  2 cane toads (D)
  A rime drake (D)
  A komodo dragon (D)
  3 wandering mushrooms (D)
  4 blink frogs (D)
  2 tyrant leeches (D)
  2 redbacks (D)
  A shadow (D)
  A spatial vortex (D)
  A swamp drake (D)
  2 orc warriors (D)
  A necrophage (D)
  4 two-headed ogres (D)
  A water elemental (D)
  A scorpion (D)
  An electric eel (D)
  A jelly (D)
  An orc priest (D)
  Jessica (D)
  A necromancer (D)
  A wizard (D)
  2 orc wizards (D)
  A kobold demonologist (D)
  3 humans (D)
  7 orcs (D)
  An endoplasm (D)
  A rat (D)
59 creatures vanquished.

Vanquished Creatures (collateral kills)
  A two-headed ogre (D)
  A blink frog (D)
  3 redbacks (D)
  An orc priest (D)
  An orc (D)
  An endoplasm (D)
8 creatures vanquished.

Vanquished Creatures (others)
  An ice dragon (D)
  2 plants (D)
3 creatures vanquished.

Grand Total: 70 creatures vanquished

Notes
Turn   | Place    | Note
-------+----------+-------------------------------------------
     0 | D        | MikeHunt the Demonspawn Earth Elementalist began the quest
                  | for the Orb.
     0 | D        | Reached XP level 1. HP: 13/13 MP: 3/3
   251 | D        | Noticed Jessica
   253 | D        | Killed Jessica
   254 | D        | Gained mutation: You have a pair of small horns on your
                  | head. [demonic ancestry]
   254 | D        | Reached XP level 2. HP: 19/19 MP: 2/7
   310 | D        | Noticed a scorpion
   320 | D        | Killed a scorpion
   321 | D        | Reached skill level 5 in Spellcasting
   321 | D        | Gained mutation: You regenerate magic rapidly. [demonic
                  | ancestry]
   321 | D        | Reached XP level 3. HP: 10/24 MP: 0/10
   321 | D        | Reached XP level 4. HP: 13/30 MP: 0/11
   372 | D        | Learned a level 3 spell: Stone Arrow
   549 | D        | Reached skill level 1 in Conjurations
   581 | D        | Noticed a water elemental
   584 | D        | Killed a water elemental
   585 | D        | Gained mutation: You have a somewhat thin skeletal
                  | structure. (Dex +2, Stealth+) [demonic ancestry]
   585 | D        | Reached XP level 5. HP: 35/35 MP: 10/14
   589 | D        | Found a radiant altar of Vehumet.
   590 | D        | Found a shimmering blue altar of Sif Muna.
   590 | D        | Found an ancient bone altar of Kikubaaqudgha.
   592 | D        | Noticed a red devil
   594 | D        | HP: 1/35 [kobold demonologist (5)]
   619 | D        | Got the Almanac of Burning Displacement
   621 | D        | Became a worshipper of Sif Muna the Loreminder
   629 | D        | Learned a level 2 spell: Blink
   633 | D        | Learned a level 3 spell: Vampiric Draining
   669 | D        | Found a shadowy altar of Dithmenos.
   669 | D        | Noticed a necrophage
   673 | D        | Killed a necrophage
   674 | D        | Gained mutation: A weak demonic guardian rushes to your
                  | aid. [demonic ancestry]
   674 | D        | Reached XP level 6. HP: 43/44 MP: 12/16
   675 | D        | Found a basalt altar of Yredelemnul.
   675 | D        | Found a sacrificial altar of Ru.
   686 | D        | Noticed a deep elf pyromancer
   689 | D        | Killed a deep elf pyromancer
   689 | D        | Reached * piety under Sif Muna
   690 | D        | Reached skill level 5 in Fighting
   690 | D        | Reached skill level 5 in Dodging
   690 | D        | Reached skill level 5 in Necromancy
   690 | D        | Reached XP level 7. HP: 21/56 MP: 13/17
   779 | D        | Killed an ice dragon
   860 | D        | Noticed a shadow
   867 | D        | Killed a shadow
   899 | D        | Found a hide-covered altar of Uskayaw.
   899 | D        | Found an iron altar of Okawaru.
   899 | D        | Found a bloodstained altar of Trog.
   899 | D        | Found an ornate altar of the Wu Jian Council.
   899 | D        | Noticed a human
   901 | D        | Noticed a human
   903 | D        | Killed a human
   903 | D        | Reached ** piety under Sif Muna
   904 | D        | Gained mutation: You have a moderately thin skeletal
                  | structure. (Dex +4, Stealth++) [demonic ancestry]
   904 | D        | Reached XP level 8. HP: 60/62 MP: 8/18
   906 | D        | Reached skill level 10 in Invocations
   950 | D        | Found a blossoming altar of Fedhas.
   950 | D        | Found a stormy altar of Qazlal.
   951 | D        | Found a snail-covered altar of Cheibriados.
   951 | D        | Found a burning altar of Makhleb.
   951 | D        | Found a hazy altar of Hepliaklqana.
   951 | D        | Found a shimmering altar of Xom.
   951 | D        | Found an opulent altar of Gozag.
   951 | D        | Found a sparkling altar of Nemelex Xobeh.
   951 | D        | Found a corrupted altar of Lugonu.
   951 | D        | Found a viscous altar of Jiyva.
   956 | D        | Reached skill level 5 in Conjurations
  1009 | D        | Reached *** piety under Sif Muna
  1027 | D        | Noticed a two-headed ogre
  1031 | D        | Killed a two-headed ogre
  1068 | D        | Found Haevvam's Antique Armour Shop.
  1068 | D        | Noticed an orc knight
  1068 | D        | Noticed an orc high priest
  1080 | D        | Noticed an orange demon
  1113 | D        | Noticed a sun demon
  1119 | D        | Noticed a sixfirhy
  1120 | D        | Killed an orc high priest
  1121 | D        | Gained mutation: A demonic guardian rushes to your aid.
                  | [demonic ancestry]
  1121 | D        | Reached XP level 9. HP: 34/68 MP: 7/21
  1228 | D        | Reached **** piety under Sif Muna
  1245 | D        | Killed an orc knight
  1246 | D        | Reached skill level 10 in Necromancy
  1353 | D        | Reached ***** piety under Sif Muna
  1353 | D        | Received a gift from Sif Muna
  1354 | D        | Got Iffupuce's Volume of Malediction and Battle Magic {god
                  | gift}
  1397 | D        | Bought a pair of embroidered gloves for 135 gold pieces
  1397 | D        | Bought a glowing leather armour for 90 gold pieces
  1438 | D        | Noticed Erolcha
  1439 | D        | Noticed a two-headed ogre
  1441 | D        | Killed Erolcha
  1442 | D        | Reached skill level 10 in Spellcasting
  1442 | D        | Reached skill level 10 in Conjurations
  1442 | D        | Reached skill level 10 in Earth Magic
  1445 | D        | Killed a two-headed ogre
  1446 | D        | Reached skill level 1 in Translocations
  1446 | D        | Reached XP level 10. HP: 18/76 MP: 3/24
  1516 | D        | Received a gift from Sif Muna
  1517 | D        | Got Sif Muna's Reference Book on Sinister Arts {god gift}
  1600 | D        | Noticed an orc sorcerer
  1604 | D        | Killed an orc sorcerer
  1717 | D        | Noticed a cane toad
  1717 | D        | Noticed a cane toad
  1721 | D        | Killed a cane toad
  1722 | D        | Reached skill level 5 in Translocations
  1723 | D        | Killed a cane toad
  1723 | D        | Received a gift from Sif Muna
  1726 | D        | Got Sif Muna's Catalogue of Attacks and Summoning {god
                  | gift}
  1849 | D        | Reached ****** piety under Sif Muna
  1849 | D        | Received a gift from Sif Muna
  1850 | D        | Reached skill level 10 in Fighting
  1851 | D        | Got Sif Muna's Collected Works on Unstable Evil {god gift}
  1856 | D        | Reached skill level 10 in Dodging
  1915 | D        | Learned a level 5 spell: Borgnjor's Vile Clutch
  2051 | D        | Learned a level 5 spell: Excruciating Wounds
  2079 | D        | Reached skill level 1 in Polearms
  2107 | D        | Gained mutation: A powerful demonic guardian rushes to your
                  | aid. [demonic ancestry]
  2107 | D        | Reached XP level 11. HP: 90/90 MP: 8/25
  2172 | D        | Noticed a lindwurm
  2177 | D        | Killed a lindwurm
  2474 | D        | Learned a level 5 spell: Agony
  2482 | D        | Noticed Urug
  2491 | D        | Killed Urug
  2492 | D        | Reached skill level 5 in Polearms
  2690 | D        | Noticed a four-headed hydra
  2690 | D        | Noticed an eight-headed hydra
  2692 | D        | Received a gift from Sif Muna
  2693 | D        | Got Piak's Disquisition on the Shifting Birds {god gift}
  2700 | D        | Killed an eight-headed hydra
  2707 | D        | Killed a four-headed hydra
  2798 | D        | Noticed Sigmund
  2800 | D        | Noticed Edmund
  2805 | D        | Killed Sigmund
  2809 | D        | Killed Edmund
  2852 | D        | Noticed Rupert
  2853 | D        | Paralysed by Rupert for 7 turns
  2858 | D        | Demolished by Rupert

Illustrated notes

Levels and vault maps discovered:
D:        dungeon_sprint_mu [sprint_mu_entry_forest, sprint_mu_temple_rooms,
          sprint_mu_d1_spiders, sprint_mu_d2_genie, sprint_mu_d3_branching,
          sprint_mu_orc_legion, sprint_mu_elf_gauntlet, sprint_mu_hive_nellie,
          sprint_mu_lair_fedhas, sprint_mu_vaults_butterflies,
          sprint_mu_slime_circle, sprint_mu_swamp_cave, sprint_mu_shoals_archi,
          sprint_mu_blade_basic, sprint_mu_crypt_fortress,
          sprint_mu_tomb_spiral, sprint_mu_vestibule_basic,
          sprint_mu_gehenna_hellfire, sprint_mu_dis_giant,
          sprint_mu_tartarus_statrot, sprint_mu_cocytus_islands, sprint_mu_zot1]

Skill      XL: |  1  2  3  4  5  6  7  8  9 10 11 |
---------------+----------------------------------+-----
Earth Magic    | 4 6 7 9 10 | 10.0
Spellcasting   | 4 5 6 7 8 10 | 10.0
Conjurations   | 3 4 9 10 | 10.0
Fighting       | 2 5 10 | 10.0
Dodging        | 2 5 10 | 10.0
Necromancy     | 2 5 7 9 10 12 | 12.2
Transmutations | 2 4 |  4.0
Invocations    | 2 7 9 10 12 | 12.0
Translocations | 1 5 |  5.0
Polearms       | 1 11 | 11.5
Stealth        | |  1.7

Action                   |  1- 3 |  4- 6 |  7- 9 | 10-12 || total
-------------------------+-------+-------+-------+-------++-------
Melee: Unarmed           |    16 |       |       |     4 ||    20
       Demon trident     |       |       |       |    10 ||    10
       Headbutt          |       |       |       |     4 ||     4
       Trident           |       |       |       |     1 ||     1
 Cast: Sandblast         |    11 |    25 |     6 |       ||    42
       Stone Arrow       |       |       |    47 |    51 ||    98
       Vampiric Draining |       |       |    11 |    25 ||    36
       Excruciating Woun |       |       |       |     3 ||     3
       Agony             |       |       |       |     4 ||     4
       Borgnjor's Vile C |       |       |       |     3 ||     3
Invok: Channel Magic     |       |       |     2 |     2 ||     4
  Use: Potion            |       |     1 |       |     1 ||     2
 Stab: Sleeping          |     1 |       |       |       ||     1
Armor: Robe              |     1 |       |     2 |       ||     3
       Leather armour    |       |       |     1 |     3 ||     4
Dodge: Dodged            |    14 |     6 |    14 |    59 ||    93

Table legend: (Time is in decaauts)
 A = Elapsed time spent in this place.
 B = Non-inter-level travel time spent in this place.
 C = Inter-level travel time spent in this place.
 D = Time resting spent in this place.
 E = Time spent auto-exploring this place.
 F = Levels seen in this place.
 G = Mean time per level.
                   A        B        C        D        E       F      G
               +--------+--------+--------+--------+--------+-----+--------+
         Total |   2895 |   2654 |    241 |   1843 |      0 |   1 | 2895.0 |
       Dungeon |   2895 |   2654 |    241 |   1843 |      0 |   1 | 2895.0 |
               +--------+--------+--------+--------+--------+-----+--------+

Top non-repeatable levels by time:
       D: 2895 daAuts
